AoeStats
← Hubinaka

Black Forest

508168044Analyzed
2v2 RM · 11d ago on Sep 21, 2026· 52m 8s· 4 players
Game mode
Random Map
Map size
Medium (4 player)
Population
200
Speed
Normal
Resources
Standard
Victory
Conquest
Starting age
Dark Age
Ending age
Imperial Age
RankedLock teamsTeams togetherTeam positionsShared explorationLock speedFull tech treeHidden civsTurbo modeCheats
Victory
Defeat
🇲🇽 Italians · Mexico
831
+15
🇲🇽 Malians · Mexico
818
+15
🇫🇷 Burgundians · France
835
-16
🇨🇳 Chinese · China
769
-14
Hubinaka
11:36 Feudal Age
9:56 Double-Bit Axe
11:11 Horse Collar
13:12 Bow Saw
14:58 Gold Mining
15:17 Heavy Plow
17:31 Wheelbarrow
17:43 Gold Shaft Mining
20:33 Castle Age
19:32 Forging
19:32 Scale Barding Armor
20:43 Light Cavalry
21:24 Husbandry
24:31 Fletching
25:19 Stone Mining
25:28 Bodkin Arrow
26:12 Ballistics
25:34 Treadmill Crane
26:06 Masonry
26:19 Town Watch
27:18 Iron Casting
28:00 Chain Barding Armor
29:10 Burgundian Vineyards
30:13 Hand Cart
29:44 Loom
34:36 Imperial Age
32:15 Murder Holes
32:26 Pikeman
36:53 Chemistry
36:24 Conscription
36:51 Stone Shaft Mining
36:52 Crop Rotation
37:31 Two-Man Saw
41:15 Architecture
40:32 Arrowslits
41:50 Blast Furnace
41:26 Plate Barding Armor
40:52 Bracer
40:47 Hussar
42:39 Capped Ram
月照彩云归
0:28 Loom
10:25 Feudal Age
10:33 Man-at-Arms
11:04 Horse Collar
11:48 Gold Mining
22:52 Castle Age
21:19 Double-Bit Axe
23:18 Bloodlines
23:05 Light Cavalry
25:23 Gold Shaft Mining
26:48 Husbandry
30:06 Stone Mining
32:31 Wheelbarrow
31:51 Crossbowman
44:13 Imperial Age
45:11 Fletching
46:01 Padded Archer Armor
46:56 Bodkin Arrow
48:19 Leather Archer Armor
48:38 Ballistics
XJerkX
0:28 Loom
13:30 Feudal Age
14:13 Man-at-Arms
14:59 Double-Bit Axe
15:52 Forging
16:37 Scale Mail Armor
18:30 Arson
24:44 Castle Age
24:15 Gold Mining
24:16 Stone Mining
26:47 Bow Saw
26:15 Long Swordsman
26:15 Pikeman
26:56 Squires
27:47 Chain Mail Armor
30:06 Iron Casting
38:27 Gold Shaft Mining
41:11 Imperial Age
39:17 Wheelbarrow
38:27 Town Watch
39:52 Fletching
40:54 Stone Shaft Mining
42:30 Plate Mail Armor
41:57 Bodkin Arrow
41:25 Two-Handed Swordsman
43:19 Conscription
45:06 Champion
49:32 Chemistry
48:53 Ballistics
49:33 Hand Cart
49:18 Town Patrol
52:09 Spies/Treason
jd_buhos
12:04 Feudal Age
14:59 Loom
15:52 Wheelbarrow
17:59 Fletching
19:11 Stone Mining
24:14 Castle Age
22:06 Double-Bit Axe
26:18 Bodkin Arrow
26:29 Horse Collar
28:03 Bow Saw
28:03 Heavy Plow
30:42 Hand Cart
32:08 Forging
31:58 Scale Mail Armor
32:04 Gold Mining
32:28 Forging
32:14 Town Watch
33:44 Town Patrol
35:04 Stone Shaft Mining
36:56 Iron Casting
36:21 Scale Mail Armor
36:27 Scale Barding Armor
37:49 Silk Road
37:53 Fortified Wall
38:04 Ballistics
40:45 Imperial Age
38:49 Pikeman
40:07 Squires
41:23 Chain Mail Armor
42:36 Two-Man Saw
48:08 Elite Genoese Crossbowman
51:47 Spies/Treason
Connection lost

Rejoining the realm…

Still unreachable

The connection could not be restored.

Session expired

The server has moved on; the page needs a fresh start.